 Dungeon Crawl Stone Soup version 0.28.0-45-g0d030f2227 (webtiles) character file.

Game seed: 10416418905128691734

150 hawla the Conjurer (level 5, -2/38 HPs)
             Began as a Draconian Conjurer on Apr 21, 2022.
             Was an Initiate of Vehumet.
             Slain by a crimson imp (3 damage)
             ... summoned by Natasha
             ... on level 3 of the Dungeon.
             The game lasted 00:06:50 (2257 turns).

hawla the Conjurer (Draconian Conjurer)             Turns: 2257, Time: 00:06:51

Health: -2/38      AC:  5    Str:  9    XL:     5   Next: 10%
Magic:  5/9        EV: 12    Int: 21    God:    Vehumet [......]
Gold:   108        SH:  0    Dex:  9    Spells: 2/9 levels left

rFire   . . .      SeeInvis .   b - +0 short sword
rCold   . . .      Faith    .   (no shield)
rNeg    . . .      Spirit   .   (armour unavailable)
rPois   .          Reflect  .   (helmet restricted)
rElec   .          Harm     .   (no cloak)
rCorr   .          Rampage  .   (no gloves)
Will    .....                   (no boots)
Stlth   ++........              (no amulet)
HPRegen 0.12/turn               (no ring)
MPRegen 0.11/turn               (no ring)

@: slowed, very slow
A: AC +5, unfitting armour, cold-blooded
a: Renounce Religion


You were on level 3 of the Dungeon.
You worshipped Vehumet.
Vehumet was noncommittal.
You visited 1 branch of the dungeon, and saw 3 of its levels.

You collected 108 gold pieces.

Inventory:

Hand Weapons
 b - a +0 short sword (weapon)
Scrolls
 e - a scroll of silence


   Skills:
 + Level 2.1 Dodging
 + Level 2.4 Stealth
 + Level 2.8 Spellcasting
 + Level 5.5 Conjurations


You had 2 spell levels left.
You knew the following spells:

 Your Spells              Type           Power      Damage    Failure   Level
a - Magic Dart            Conj           100%       1d8       1%          1
b - Searing Ray           Conj           52%        2d6       1%          2
c - Iskenderun's Mystic   Conj/Tloc      14%        2d5       38%         4

Your spell library contained the following spells:

 Spells                   Type           Power      Damage    Failure   Level
 Dazzling Flash           Conj/Hex       28%        N/A       13%         3
 Fulminant Prism          Conj/Hex       7%         3d7       38%         4
 Freezing Cloud           Conj/Ice/Air   5%         6-21      87%         5
 Simulacrum               Ice/Necr       1%         N/A       100%        6
 Polar Vortex             Ice            1%         N/A       100%        9


Dungeon Overview and Level Annotations

Branches:
Dungeon (3/15)

Altars:
Vehumet

Annotations:
D:3 Natasha


Innate Abilities, Weirdness & Mutations

Your plain brown scales are hard. (AC +5)
You cannot fit into any form of body armour.
You are cold-blooded and may be slowed by cold attacks.


Message History

The creatures around you are filled with an inner flame!
Natasha barely misses you. Natasha closely misses you.
Natasha closely misses you.
Natasha stares at you and mumbles some strange words.
You feel as though you will be slow longer.
Natasha casts a spell. x2
Natasha mumbles some strange words.
The crimson imp blinks!
Natasha claws you.
The crimson imp hits you but does no damage.
Found a stone staircase leading down.
Natasha casts a spell at you. The magic dart hits you!
* * * LOW HITPOINT WARNING * * *
The crimson imp hits you.
* * * LOW HITPOINT WARNING * * *
Natasha casts a spell at you. The magic dart hits you.
* * * LOW HITPOINT WARNING * * *
The crimson imp hits you but does no damage.
You aren't carrying any potions.
Okay, then.
Hit: b) +0 short sword
Press: ? - help, Dir - move target, f/p - Natasha
Aim: Natasha (lightly wounded, inner flame, about 53% to evade your +0 short sword)
Okay, then.
You aren't carrying any items that you can evoke.
Unknown command.
The crimson imp closely misses you. Natasha barely misses you.
The crimson imp barely misses you. The crimson imp closely misses you.
There are monsters nearby!
The crimson imp hits you.
* * * LOW HITPOINT WARNING * * *
An endoplasm comes into view.
The crimson imp disappears in a puff of smoke!
Natasha casts a spell.
There is a stone staircase leading down here.
The crimson imp hits you.
You die...

*,,,,,,,,* *,,,,,,,,*
*,,,,,,,,* *,,,,,,,,***
*,,,,,,,,*,, *,,,,,,,,*,,
#######..,,,,,,*,,
******#######........,,,,,,,,,
*,,,,,.......@.......,,,,,,,,,
*,,,,,.....##5#####J.,,,,,,*,,
*,,,,,...,,*#5###########***,,
*,,,,,.,,,,*#h..........# *,,
*,,,,,,,,,,*#...........# **,
*,,,,,,,,,,*#..5........# *,
*,,,,,,,,,,*#...........# *,
*,,,,,,,,,,*#...........# *,
*,,,,,,,,,,*#...........# *,


You could see Natasha (inner flame), a crimson imp (summoned), 2 shadow imps and
an endoplasm (wandering).

Vanquished Creatures
  Natasha (twice) (D:3)
  An orc wizard (D:3)
  3 adders
  A dart slug (D:2)
  2 orcs (D:3)
  3 ball pythons
  5 endoplasms (D:1)
  3 giant cockroaches
  7 goblins
  2 hobgoblins (D:1)
  2 jackals (D:3)
  2 kobolds
  A quokka (D:3)
  4 bats
  A frilled lizard (D:1)
  4 rats
43 creatures vanquished.

Notes
Turn   | Place    | Note
-------+----------+-------------------------------------------
     0 | D:1      | hawla the Draconian Conjurer began the quest for the Orb.
     0 | D:1      | Reached XP level 1. HP: 14/14 MP: 3/3
   186 | D:1      | Reached XP level 2. HP: 20/20 MP: 3/5
   717 | D:1      | Found a faded altar of an unknown god.
   853 | D:2      | Reached XP level 3. HP: 26/26 MP: 2/6
   968 | D:2      | Learned a level 2 spell: Searing Ray
  1009 | D:2      | Found a radiant altar of Vehumet.
  1028 | D:2      | Became a worshipper of Vehumet
  1658 | D:3      | Noticed Natasha
  1663 | D:3      | Killed Natasha
  1664 | D:3      | Reached skill level 5 in Conjurations
  1664 | D:3      | Reached XP level 4. HP: 33/33 MP: 3/7
  1669 | D:3      | Learned a level 4 spell: Iskenderun's Mystic Blast
  1813 | D:3      | Noticed Natasha
  1926 | D:3      | Killed Natasha
  1927 | D:3      | Reached XP level 5. HP: 13/38 MP: 2/9
  2214 | D:3      | Noticed Natasha
  2252 | D:3      | HP: 1/38 [Natasha/magic dart (6)]
  2257 | D:3      | Slain by a crimson imp

Illustrated notes

Levels and vault maps discovered:
D:1:      moated_graveyard_arrival, layout_rooms,
          chequers_ecumenical_altar_twisty, minmay_tiny_reverse_x
D:2:      layout_rooms, basic_altar
D:3:      layout_basic, uniq_terence, uniq_natasha

Skill      XL: |  1  2  3  4 |
---------------+-------------+-----
Stealth        | 2 |  2.4
Conjurations   | 5 |  5.5
Dodging        | 2 |  2.1
Spellcasting   | |  2.8

Action                   |  1- 3 |  4- 6 || total
-------------------------+-------+-------++-------
Melee: Unarmed           |    15 |    20 ||    35
       Tailslap          |     4 |     2 ||     6
       Short sword       |       |     1 ||     1
 Cast: Magic Dart        |    45 |     9 ||    54
       Searing Ray       |     5 |     4 ||     9
       Iskenderun's Myst |       |     3 ||     3
  Use: Scroll            |     7 |     2 ||     9
       Potion            |       |     2 ||     2
Armor: Skin              |     5 |    12 ||    17
Dodge: Dodged            |    12 |    44 ||    56
